 Dungeon Crawl Stone Soup version 0.21-a0-278-ga722497 (webtiles) character file.

14844 vishdafish the Grappler (level 11, -5/81 HPs)
             Began as a Troll Earth Elementalist on Sept 22, 2017.
             Was an Elder of Nemelex Xobeh.
             Killed from afar by an ice dragon (19 damage)
             ... with a blast of cold
             ... on level 13 of the Dungeon.
             The game lasted 00:36:12 (10784 turns).

vishdafish the Grappler (Troll Earth Elementalist) Turns: 10784, Time: 00:36:13

Health: -5/81      AC: 12    Str: 22    XL:     11   Next: 94%
Magic:  17/17      EV: 11    Int: 14    God:    Nemelex Xobeh [****..]
Gold:   878        SH:  0    Dex: 10    Spells: 11/14 levels left

rFire    + + .     SeeInvis +     - Unarmed
rCold    . . .     Gourm    +   (no shield)
rNeg     . . .     Faith    .   E - +0 steam dragon scales
rPois    +         Spirit   .   (helmet restricted)
rElec    .         Reflect  .   v - +0 cloak
rCorr    .         Harm     .   (gloves unavailable)
MR       .....                  (boots unavailable)
Stlth    +.........             (no amulet)
HPRegen  0.63/turn              J - ring "Qyulen" {rF++ Str+4 SInv}
MPRegen  0.15/turn              x - ring of poison resistance

@: about to teleport
A: unfitting armour, claws 3, icy blue scales 1, rugged brown scales 1, fast
metabolism 3, frail 1, gourmand, regeneration 1, shaggy fur 1, tough skin 2
a: Triple Draw, Deal Four, Renounce Religion


You were on level 13 of the Dungeon.
You worshipped Nemelex Xobeh.
Nemelex Xobeh was greatly pleased with you.
You were very full.

You visited 2 branches of the dungeon, and saw 14 of its levels.

You collected 878 gold pieces.

Inventory:

Hand Weapons
 h - a +1 whip of flaming
 G - a +2 flail of draining
 I - the +6 falchion of the Tired Scars {slice, Int+4 Dex+4}
   (You found it on level 6 of the Dungeon)

   It inflicts extra damage upon your enemies.
   It affects your intelligence (+4).
   It affects your dexterity (+4).
 P - the +7 lajatang of Order {silver, rMut}
   (You found it on level 9 of the Dungeon)

   It protects you from mutation.
Missiles
 b - 349 stones (quivered)
 K - 4 javelins
Armour
 c - a +0 robe
 v - a +0 cloak (worn)
 y - a +0 large shield
 E - +0 steam dragon scales (worn)
 Y - a +0 troll leather armour
Jewellery
 l - an uncursed ring of flight
 x - a ring of poison resistance (right claw)
 J - the ring "Qyulen" (left claw) {rF++ Str+4 SInv}
   (You found it on level 6 of the Dungeon)

   [ring of see invisible]

   It affects your strength (+4).
   It greatly protects you from fire.
   It lets you see invisible.
Wands
 A - a wand of acid (1/15)
 T - a wand of lightning (8/15)
Scrolls
 a - 2 scrolls of fear {unknown}
 f - a scroll of teleportation
 i - a scroll of random uselessness {unknown}
 k - 5 scrolls of magic mapping
 p - 4 scrolls of remove curse
 r - 3 scrolls of fog
 s - a scroll of vulnerability {unknown}
 u - a scroll of enchant weapon {unknown}
 w - a scroll of noise {unknown}
 z - 3 scrolls of recharging {unknown}
 L - 4 scrolls of amnesia {unknown}
 S - a scroll of blinking {unknown}
Potions
 g - 2 potions of magic
 m - 5 potions of curing
 t - 2 potions of agility
 B - a potion of cancellation
 C - a potion of lignification
 D - 5 potions of mutation
 M - a potion of brilliance
 W - a potion of heal wounds
Books
 e - a book of Geomancy

   Spells                             Type                      Level
   a - Sandblast                      Earth                        1
   b - Passwall                       Transmutation/Earth          2
   c - Stone Arrow                    Conjuration/Earth            3
   d - Petrify                        Transmutation/Earth          4
   e - Lee's Rapid Deconstruction     Earth                        5
 n - a book of Annihilations

   Spells                             Type                      Level
   a - Poison Arrow                   Conjuration/Poison           6
   b - Chain Lightning                Conjuration/Air              8
   c - Lehudib's Crystal Spear        Conjuration/Earth            8
   d - Glaciate                       Conjuration/Ice              9
   e - Fire Storm                     Conjuration/Fire             9
 o - a book of Changes

   Spells                             Type                      Level
   a - Beastly Appendage              Transmutation                1
   b - Sticks to Snakes               Transmutation                2
   c - Spider Form                    Transmutation/Poison         3
   d - Ice Form                       Ice/Transmutation            4
   e - Blade Hands                    Transmutation                5
 Q - a book of Conjurations

   Spells                             Type                      Level
   a - Magic Dart                     Conjuration                  1
   b - Searing Ray                    Conjuration                  2
   c - Dazzling Spray                 Conjuration/Hexes            3
   d - Fulminant Prism                Conjuration/Hexes            4
   e - Force Lance                    Conjuration/Translocation    4
   f - Iskenderun's Mystic Blast      Conjuration                  4
Miscellaneous
 H - a plain deck of escape {drawn: 3}
 O - a plain deck of summoning {drawn: 2}
 U - an ornate deck of summoning {drawn: 3}
Comestibles
 d - 5 bread rations
 j - 9 meat rations
 q - 4 royal jellies
 V - 8 fruits


   Skills:
 - Level 5.3 Dodging
 - Level 1.0 Stealth
 * Level 11.7 Unarmed Combat
 - Level 2.2 Spellcasting
 - Level 0.6 Transmutations
 * Level 8.3 Earth Magic
 * Level 10.0 Invocations


You had 11 spell levels left.
You knew the following spells:

 Your Spells              Type           Power        Failure   Level  Hunger
a - Sandblast             Erth           ###...       1%          1    #......
b - Passwall              Tmut/Erth      ##........   5%          2    ###....


Dungeon Overview and Level Annotations

Branches:
Dungeon (12/15)            Temple (1/1) D:4            Lair (0/6) D:11
 Vaults (0/5) D:13
    Orc: D:9-12

Altars:
Gozag
Kikubaaqudgha
Makhleb
Nemelex Xobeh
Ru
Uskayaw
Xom
Zin

Shops:
D:8 }   D:9 }:


Innate Abilities, Weirdness & Mutations

You are too large for most types of armour.
You have claws for hands.
Your metabolism is lightning-fast.
You like to eat raw meat.
Your natural rate of healing is unusually fast.
You are covered in fur. (AC +1)
You have very tough skin. (AC +2)
You are partially covered in icy blue scales. (AC +2)
You are partially covered in rugged brown scales. (AC +1, +3% HP)
You are frail. (-10% HP)


Message History

The blast of cold hits you!
* * * LOW HITPOINT WARNING * * *
You hear a shout!
You open the door. 2 vault guards come into view.
A vault guard is wielding a war axe of electrocution.
The vault guard shouts!
Found a gate to the Vaults.
Evoke which item? (* to show all) (? for menu, Esc to quit)
Okay, then.
As you read the scroll of teleportation, it crumbles to dust.
You feel strangely unstable.
The vault guard shouts!
Evoke which item? (* to show all) (? for menu, Esc to quit)
You draw a card...
It is Foxfire.
The vault guard hits you but does no damage.
The ice dragon breathes frost at you. The blast of cold hits you!
You die...
Your body glows slightly and disappears.

≈≈≈≈ ##..# #+++#
#...# #...# #...#
#...# #...# #...#
##)####.#)####+##
#)(....l.l......#
#..........(....#
#.....wD@).)(...#
########p########
⌠p⌠ #.∩.# #⌠.⌠#
#####


You could see an ice dragon, 2 vault guards, a worm and 2 friendly wyverns.

Vanquished Creatures
  2 centaur warriors
  Erica (D:8)
  Urug (D:10)
  Pikel (D:4)
  An elephant (D:11)
  Joseph (D:9)
  A troll (D:12)
  2 slime creatures (D:12)
  2 hippogriffs
  A water elemental (D:12)
  A wraith (D:12)
  3 yaks (D:11)
  A steam dragon (D:7)
  A wyvern (D:10)
  A water moccasin (D:7)
  3 orc warriors
  A black bear (D:11)
  A sky beast (D:9)
  3 ice beasts
  An eye of draining (D:11)
  A phantom (D:5)
  4 ogres
  6 centaurs
  A crocodile (D:11)
  A big kobold (D:8)
  5 bullfrogs
  5 scorpions
  6 killer bees
  3 wights (D:9)
  An electric eel (D:12)
  4 crimson imps
  A centaur zombie (D:5)
  A quasit (D:5)
  3 jellies
  2 centaur skeletons
  2 hounds
  3 orc priests
  Jessica (D:3)
  6 iguanas
  19 orc wizards
  6 worker ants
  2 worker ant zombies (D:9)
  A howler monkey zombie (D:5)
  12 adders
  4 shadow imps
  3 oozes (D:4)
  2 adder zombies
  An adder skeleton (D:9)
  3 worms
  3 dart slugs
  5 leopard geckos
  46 orcs
  A ball python (D:2)
  5 bats
  4 giant cockroaches
  6 goblins
  6 hobgoblins
  5 jackals
  4 quokkas
  3 frilled lizards
  11 kobolds
  A leopard gecko skeleton (D:7)
  A quokka zombie (D:3)
  9 rats
248 creatures vanquished.

Vanquished Creatures (collateral kills)
  The ghost of vishdafish the Cleaver, a journeyman FoFi of Nemelex Xobeh (D:12)
  An ogre mage (D:13)
  A vault guard (D:13)
  2 two-headed ogres
  A wizard (D:13)
  4 lindwurms (D:9)
  An orc knight (D:12)
  A komodo dragon (D:12)
  A troll (D:10)
  2 hornets
  2 yaks (D:11)
  Edmund (D:6)
  An acid dragon (D:12)
  A slave (D:5)
  5 orc warriors
  A centaur (D:10)
  5 orc priests
  A centaur skeleton (D:12)
  A worker ant (D:12)
  An adder (D:6)
  12 orcs
46 creatures vanquished.

Vanquished Creatures (others)
  3 killer bees (D:8)
  A hound (D:12)
  2 orc wizards
  A leopard gecko (D:5)
  2 orcs (D:8)
9 creatures vanquished.

Grand Total: 303 creatures vanquished

Notes
Turn   | Place    | Note
-------+----------+-------------------------------------------
     0 | D:1      | vishdafish the Troll Earth Elementalist began the quest for the Orb.
     0 | D:1      | Reached XP level 1. HP: 16/16 MP: 1/1
   124 | D:1      | Reached skill level 1 in Unarmed Combat
   184 | D:1      | Reached XP level 2. HP: 22/24 MP: 3/3
  1097 | D:2      | Reached skill level 2 in Unarmed Combat
  1097 | D:2      | Reached XP level 3. HP: 31/31 MP: 4/4
  1186 | D:2      | Found an ancient bone altar of Kikubaaqudgha.
  1186 | D:2      | Found a glowing silver altar of Zin.
  1528 | D:2      | Reached XP level 4. HP: 34/39 MP: 5/5
  1753 | D:3      | Found an opulent altar of Gozag.
  1795 | D:3      | Noticed Jessica
  1814 | D:3      | Killed Jessica
  1817 | D:3      | Reached skill level 3 in Unarmed Combat
  1948 | D:3      | Reached XP level 5. HP: 45/45 MP: 6/6
  2889 | D:4      | Reached skill level 4 in Unarmed Combat
  3174 | D:4      | Found a sparkling altar of Nemelex Xobeh.
  3178 | D:4      | Became a worshipper of Nemelex Xobeh the Trickster
  3312 | D:4      | Found a staircase to the Ecumenical Temple.
  3318 | Temple   | Entered the Ecumenical Temple
  3518 | D:5      | Entered Level 5 of the Dungeon
  3518 | D:5      | Received a gift from Nemelex Xobeh
  3524 | D:4      | Reached XP level 6. HP: 53/53 MP: 8/8
  3579 | D:5      | Noticed a slave
  3595 | D:5      | Killed a slave
  3617 | D:5      | Noticed a slave
  3619 | D:5      | Noticed a slave
  3622 | D:5      | Noticed a slave
  3624 | D:5      | Noticed Pikel
  3654 | D:4      | Gained mutation: You are frail. (-10% HP) [potion of mutation]
  3654 | D:4      | Gained mutation: You are partially covered in icy blue scales. (AC +2) [potion of mutation]
  3654 | D:4      | Gained mutation: You are partially covered in rugged brown scales. (AC +1, +3% HP) [potion of mutation]
  3668 | D:4      | Killed Pikel
  3668 | D:4      | Reached skill level 5 in Unarmed Combat
  3668 | D:4      | Reached XP level 7. HP: 22/54 MP: 9/9
  3885 | D:5      | Reached skill level 6 in Unarmed Combat
  4060 | D:4      | Reached XP level 8. HP: 47/62 MP: 10/10
  4596 | D:6      | Received a gift from Nemelex Xobeh
  4598 | D:6      | Reached * piety under Nemelex Xobeh
  4611 | D:6      | Reached skill level 5 in Earth Magic
  4709 | D:6      | Noticed Edmund
  4714 | D:6      | Killed Edmund
  4729 | D:6      | Got a twitching granite ring
  4731 | D:6      | Identified the ring "Qyulen" {rF++ Str+4 SInv} (You found it on level 6 of the Dungeon)
  4819 | D:6      | Reached skill level 7 in Unarmed Combat
  4846 | D:6      | Reached skill level 5 in Invocations
  5089 | D:6      | Got a jewelled falchion
  5090 | D:6      | Identified the +6 falchion of the Tired Scars {slice, Int+4 Dex+4} (You found it on level 6 of the Dungeon)
  5232 | D:6      | Learned a level 2 spell: Passwall
  5263 | D:6      | Found a shimmering altar of Xom.
  5505 | D:6      | Reached XP level 9. HP: 43/68 MP: 7/12
  5628 | D:6      | Received a gift from Nemelex Xobeh
  6185 | D:7      | Found a burning altar of Makhleb.
  6280 | D:6      | Reached skill level 8 in Unarmed Combat
  6377 | D:7      | Reached ** piety under Nemelex Xobeh
  6742 | D:7      | Received a gift from Nemelex Xobeh
  7105 | D:8      | Noticed Erica
  7258 | D:8      | Killed Erica
  7258 | D:8      | Reached skill level 9 in Unarmed Combat
  7258 | D:8      | Reached XP level 10. HP: 72/75 MP: 14/14
  7463 | D:8      | Found a sacrificial altar of Ru.
  7579 | D:8      | Received a gift from Nemelex Xobeh
  7710 | D:8      | Found Usmechag's Gadget Shop.
  7816 | D:9      | Reached *** piety under Nemelex Xobeh
  7887 | D:9      | Noticed Joseph
  7966 | D:9      | Killed Joseph
  7966 | D:9      | Reached skill level 5 in Dodging
  8157 | D:9      | Found Ehauph's Book Shoppe.
  8360 | D:9      | Found Zehuast's Gadget Emporium.
  8582 | D:9      | Noticed a lindwurm
  8617 | D:9      | Found the +7 lajatang of Order {silver, rMut}
  8617 | D:9      | Noticed a lindwurm
  8624 | D:9      | Noticed a lindwurm
  8626 | D:9      | Noticed a lindwurm
  8627 | D:9      | Found the -2 mace of Variability {chaos}
  8632 | D:9      | Killed a lindwurm
  8632 | D:9      | Reached skill level 10 in Unarmed Combat
  8646 | D:9      | Killed a lindwurm
  8650 | D:9      | Killed a lindwurm
  8657 | D:9      | Killed a lindwurm
  8777 | D:10     | Entered Level 10 of the Dungeon
  8777 | D:10     | Received a gift from Nemelex Xobeh
  9008 | D:10     | Received a gift from Nemelex Xobeh
  9158 | D:10     | Reached **** piety under Nemelex Xobeh
  9161 | D:10     | Noticed Urug
  9176 | D:10     | Killed Urug
  9176 | D:10     | Reached XP level 11. HP: 23/81 MP: 16/16
  9392 | D:10     | Noticed a centaur warrior
  9406 | D:10     | Killed a centaur warrior
  9660 | D:11     | Noticed a centaur warrior
  9666 | D:11     | Killed a centaur warrior
  9702 | D:11     | Paralysed by a hornet for 3 turns
  9846 | D:11     | Reached skill level 11 in Unarmed Combat
  9854 | D:11     | Noticed a two-headed ogre
  9859 | D:11     | Killed a two-headed ogre
  9910 | D:11     | Found a staircase to the Lair.
  9981 | D:11     | You fall through a shaft!
  9992 | D:12     | Received a gift from Nemelex Xobeh
 10168 | D:12     | Noticed an orc knight
 10177 | D:12     | Noticed vishdafish's ghost (journeyman FoFi)
 10186 | D:12     | Killed an orc knight
 10213 | D:12     | Killed vishdafish's ghost
 10500 | D:12     | Noticed a two-headed ogre
 10518 | D:12     | Killed a two-headed ogre
 10604 | D:12     | You fall through a shaft!
 10604 | D:13     | Noticed a vault guard
 10604 | D:13     | Noticed a wizard
 10604 | D:13     | Noticed an ogre mage
 10608 | D:13     | Killed an ogre mage
 10614 | D:13     | Killed a vault guard
 10614 | D:13     | Reached skill level 10 in Invocations
 10621 | D:13     | Killed a wizard
 10757 | D:13     | Noticed a vault guard
 10772 | D:13     | Noticed an ice dragon
 10772 | D:13     | a vault guard changed into an ice dragon
 10782 | D:13     | Found a gate to the Vaults.
 10782 | D:13     | Noticed a vault guard
 10782 | D:13     | Noticed a vault guard
 10784 | D:13     | Killed from afar by an ice dragon

Vault maps used:
D:1:      nicolae_arrival_memento_mori
D:2:      gammafunk_temple_overflow_elements
D:3:      grunt_gozag_breadcrumbs, kennysheep_cross_room, minmay_checkerbox,
          uniq_jessica
D:4:      minmay_temple_entry_fiery, first_bread, nemelex_dance_club_becter
D:5:      uniq_pikel
D:6:      nicolae_whirlpool, basic_altar, kennysheep_big_empty_room,
          grunt_ministairs_8, uniq_edmund
D:7:      basic_altar
D:8:      nicolae_ru_path_of_blood, serial_shops, kennysheep_mini,
          kennysheep_generic_room_11, uniq_erica
D:9:      serial_shops, shop, shop, minmay_lindwurm_lava, uniq_joseph
D:10:     uniq_urug
D:11:     david_lair_generic, serial_shops, shop_fountains
D:12:     erik_orc_2
D:13:     grunt_vaults_entry_fortified
Temple:   dpeg_five_rooms_temple

Skill      XL: |  1  2  3  4  5  6  7  8  9 10 11 |
---------------+----------------------------------+-----
Unarmed Combat | 1 2 3 4 5 6 7 9 10 11 | 11.7
Earth Magic    | 3 4 5 6 8 |  8.3
Spellcasting   | 2 |  2.2
Invocations    | 3 5 7 8 10 | 10.0
Dodging        | 2 4 5 |  5.3
Stealth        | |  1.0
Transmutations | |  0.6

Action                   |  1- 3 |  4- 6 |  7- 9 | 10-12 || total
-------------------------+-------+-------+-------+-------++-------
Melee: Unarmed           |   107 |   194 |   313 |   363 ||   977
       Punch             |       |     3 |     9 |    23 ||    35
Throw: Stone             |       |       |       |     4 ||     4
 Cast: Sandblast         |       |       |    19 |     6 ||    25
 Abil: Evoke Flight      |       |       |       |     1 ||     1
Evoke: Deck              |       |     1 |     8 |    38 ||    47
       Wand              |       |       |       |     2 ||     2
  Use: Scroll            |       |     4 |     6 |     4 ||    14
       Potion            |       |     4 |     4 |     2 ||    10
 Stab: Sleeping          |     2 |     1 |       |     2 ||     5
       Distracted        |       |       |       |     2 ||     2
       Petrifying        |       |       |       |     1 ||     1
  Eat: Chunk             |    12 |    15 |    31 |    29 ||    87
       Bread ration      |       |     1 |       |     2 ||     3
       Fruit             |       |       |     3 |       ||     3
       Royal jelly       |       |       |     1 |       ||     1
Armor: Robe              |    27 |    76 |   206 |       ||   309
       Steam dragon scal |       |       |       |   132 ||   132
Dodge: Dodged            |    54 |    96 |   238 |   180 ||   568

Table legend:
 A = Spawn XP
 B = Non-spawn XP
 C = Spawn XP percentage of total XP
 D = Spawn monster count
 E = Non-spawn monster count
 F = Spawn count percentage of total count
 G = Total turns spent on level
                    A         B        C        D         E        F      G
               +---------+---------+-------+---------+---------+-------+---------
         Total |       0 |   21206 |   0.0 |       0 |     300 |   0.0 | 10784
               +---------+---------+-------+---------+---------+-------+---------
           D:1 |       0 |      32 |   0.0 |       0 |      19 |   0.0 |   964
           D:2 |       0 |      75 |   0.0 |       0 |      15 |   0.0 |   784
           D:3 |       0 |     165 |   0.0 |       0 |      39 |   0.0 |   795
           D:4 |       0 |    1039 |   0.0 |       0 |      24 |   0.0 |  1284
           D:5 |       0 |     454 |   0.0 |       0 |      17 |   0.0 |   668
           D:6 |       0 |    1673 |   0.0 |       0 |      33 |   0.0 |  1754
           D:7 |       0 |    1062 |   0.0 |       0 |      21 |   0.0 |   892
           D:8 |       0 |    1774 |   0.0 |       0 |      19 |   0.0 |   722
           D:9 |       0 |    3382 |   0.0 |       0 |      29 |   0.0 |   829
          D:10 |       0 |    2691 |   0.0 |       0 |      23 |   0.0 |   883
          D:11 |       0 |    3475 |   0.0 |       0 |      20 |   0.0 |   321
          D:12 |       0 |    3620 |   0.0 |       0 |      37 |   0.0 |   623
          D:13 |       0 |    1764 |   0.0 |       0 |       4 |   0.0 |   180
               +---------+---------+-------+---------+---------+-------+---------
